 Dungeon Crawl Stone Soup version 0.18.1-2-ga659475 (webtiles) character file.

10507 AmusAnon the Cleaver (level 11, -7/97 HPs)
             Began as a Minotaur Fighter on May 9, 2016.
             Was an Elder of Makhleb.
             Mangled by a nine-headed hydra (13 damage)
             ... on level 2 of the Lair of Beasts.
             The game lasted 01:04:39 (9263 turns).

AmusAnon the Cleaver (Minotaur Fighter)             Turns: 9263, Time: 01:04:40

Health: -7/97      AC: 10    Str: 27    XL:     11   Next: 37%
Magic:  10/10      EV: 14    Int: -2 (3) God:    Makhleb [****..]
Gold:   619        SH: 12    Dex:  7    Spells: 1 memorised, 8 levels left

rFire  + . .     SeeInvis .     a - +0 war axe
rCold  + . .     Gourm    .     b - +0 scale mail
rNeg   . . .     Faith    .     c - +0 shield
rPois  +         Spirit   .     (helmet unavailable)
rElec  +         Dismiss  .     t - +0 cloak
rCorr  +         Reflect  .     (no gloves)
SustAt .         Harm     .     (no boots)
MR     +....     Rnd*Rage +     q - necklace of Bloodlust {*Rage +Rage MR+ Str+2 Int-2 Slay+3 *Curse} (curse)
Stlth  ..........               (no ring)
                                v - +3 ring of evasion

@: resistant, slowed, lost intelligence, very slow, somewhat resistant to
hostile enchantments, extremely unstealthy
A: retaliatory headbutt, horns 3, clumsy 1, mutation resistance 1
a: Minor Destruction, Lesser Servant of Makhleb, Major Destruction, Renounce
Religion, Evoke Berserk Rage


You were on level 2 of the Lair of Beasts.
You worshipped Makhleb.
Makhleb was greatly pleased with you.
You were not hungry.

You visited 2 branches of the dungeon, and saw 10 of its levels.

You collected 619 gold pieces.

Inventory:

Hand Weapons
 a - a +0 war axe (weapon)
 C - the +11 dagger "Amekk" {flame, MR+ Dex+9, unknown}
   (You found it on level 6 of the Dungeon)

   It has been specially enchanted to burn those struck by it, causing extra
   injury to most foes and up to half again as much damage against particularly
   susceptible opponents.
   It affects your dexterity (+9).
   It affects your resistance to hostile enchantments.
Missiles
 D - 101 arrows
Armour
 b - a +0 scale mail (worn)
 c - a +0 shield (worn)
 k - a +0 robe
 t - a +0 cloak (worn)
 Q - a +2 robe of cold resistance
Jewellery
 q - the cursed necklace of Bloodlust (around neck) {*Rage +Rage MR+ Str+2 Int-2 Slay+3 *Curse}
   (You found it on level 5 of the Dungeon)

   [amulet of rage]

   It affects your strength (+2).
   It affects your intelligence (-2).
   It affects your accuracy and damage with ranged weapons and melee attacks
   (+3).
   It affects your resistance to hostile enchantments.
   It lets you go berserk.
   It may make you go berserk in combat.
   It may re-curse itself when equipped.
   It has a curse placed upon it.
 v - a +3 ring of evasion (left hand)
 w - an uncursed amulet of faith
 E - a cursed -5 ring of evasion
 R - an uncursed ring of resist corrosion
Wands
 p - a wand of polymorph (1/24)
 r - a wand of lightning (6/15)
 I - a wand of iceblast (6/15)
 K - a wand of confusion (15/48)
 N - a wand of slowing (26/48)
 P - a wand of enslavement (12/24)
 S - a wand of enslavement (13/24)
 T - a wand of flame (31/48)
Scrolls
 d - a scroll of acquirement {unknown}
 h - 6 scrolls of identify
 j - 3 scrolls of enchant armour
 m - 5 scrolls of remove curse
 s - 3 scrolls of random uselessness
 u - 2 scrolls of fog
 y - 2 scrolls of amnesia
 z - a scroll of teleportation
 B - a scroll of magic mapping
 M - a scroll of noise {unknown}
Potions
 e - 3 potions of curing
 n - a potion of brilliance
 F - a potion of mutation
Books
 o - a book of Changes

   Spells                             Type                      Level
   a - Beastly Appendage              Transmutation                1
   b - Sticks to Snakes               Transmutation                2
   c - Spider Form                    Transmutation/Poison         3
   d - Ice Form                       Ice/Transmutation            4
   e - Blade Hands                    Transmutation                5
Comestibles
 f - 3 bread rations
 g - 8 meat rations
 i - a royal jelly
 l - 14 fruits
 H - a beef jerky
 L - 2 slices of pizza


   Skills:
 + Level 9.3 Fighting
 + Level 10.8 Axes
 + Level 9.8 Armour
 + Level 8.3 Dodging
 + Level 1.8 Stealth
 + Level 10.7 Shields
 + Level 0.1 Spellcasting
 + Level 0.1 Transmutations
 + Level 1.2 Evocations


You had 8 spell levels left.
You knew the following spells:

 Your Spells              Type           Power        Failure   Level  Hunger
a - Sticks to Snakes      Trmt           #.......     100%        2    ###....


Dungeon Overview and Level Annotations

Branches:
Dungeon (8/15)             Temple (0/1) D:7            Lair (2/8) D:8

Altars:
Dithmenos
Kikubaaqudgha
Makhleb
Sif Muna
Trog
Xom


Innate Abilities, Weirdness & Mutations

You reflexively headbutt those who attack you in melee.
You have a pair of large horns on your head.
You are clumsy. (Dex -2)
You are somewhat resistant to further mutation.


Message History

The nine-headed hydra bites you!
* * * LOW HITPOINT WARNING * * *
Press: ? - help, Shift-Dir - straight line, f - nine-headed hydra
Aim: a nine-headed hydra (heavily wounded)
You fail to use your ability.
The nine-headed hydra bites you.
* * * LOW HITPOINT WARNING * * *
The nine-headed hydra misses you.
You block the nine-headed hydra's attack.
The nine-headed hydra barely misses you.
You block the nine-headed hydra's attack. x4
The nine-headed hydra closely misses you.
The nine-headed hydra bites you.
* * * LOW HITPOINT WARNING * * *
The nine-headed hydra barely misses you.
The nine-headed hydra bites you.
* * * LOW HITPOINT WARNING * * *
The nine-headed hydra bites you.
* * * LOW HITPOINT WARNING * * *
The nine-headed hydra bites you!
You die...

### #.#######.#.##.
#.#####..##..........
##.......##..........
##......P##..........
#.....P.##........... ######
##....#..............
#P##.####### #....#..............
.....#.#.#.###...................
...............D@................
...........>.........#...........
.....#.#P..###....#..#...........
..#.#####..##.......#............
##### ###..###....#.##...........
##....# #......###....<.....
####.##..###.......##..........
##.........##......###..........
##...........#....#..#...........


You could see a nine-headed hydra.

Vanquished Creatures
  Erica (D:8)
  Urug (Lair:1)
  The ghost of oshikia the Poker, a novice DsGl of Pakellas (D:6)
  Pikel (D:7)
  4 spiny frogs
  2 komodo dragons (Lair:2)
  5 blink frogs (Lair:1)
  4 yaks (Lair:1)
  A hippogriff (Lair:2)
  Eustachio (D:4)
  2 basilisks (Lair:1)
  2 hell hounds (D:8)
  A water moccasin (Lair:1)
  4 porcupines (Lair:2)
  3 ice beasts
  A wasp (D:8)
  7 ogres
  An orc warrior (D:8)
  A phantom (D:7)
  2 centaurs (D:6)
  A boggart (D:8)
  3 crocodiles
  5 giant frogs
  A wyvern zombie (D:8)
  3 scorpions
  4 killer bees (D:7)
  2 howler monkeys
  3 crimson imps
  A centaur zombie (D:7)
  3 hounds
  A gnoll shaman (D:4)
  5 orc priests
  Ijyb (D:3)
  3 iguanas
  8 orc wizards
  6 worker ants
  4 sheep (Lair:2)
  Robin (D:2)
  8 gnolls (D:4)
  A howler monkey skeleton (D:4)
  4 adders
  24 river rats (Lair:2)
  3 adder skeletons
  6 worms
  A dart slug (D:2)
  3 giant geckos
  32 orcs
  5 giant cockroaches
  19 goblins
  7 hobgoblins
  18 jackals
  11 kobolds
  4 quokkas
  A ball python (D:3)
  6 bats
  A giant gecko skeleton (D:5)
  A giant gecko zombie (D:6)
  2 giant newts (D:5)
  A jackal skeleton (D:7)
  A quokka zombie (D:7)
  7 rats
  A butterfly (Lair:2)
  3 fungi
270 creatures vanquished.

Vanquished Creatures (others)
  A worker ant (D:7)
  An adder (D:7)
  A fungus (Lair:2)
  A plant (Lair:2)
4 creatures vanquished.

Grand Total: 274 creatures vanquished

Notes
Turn   | Place    | Note
--------------------------------------------------------------
     0 | D:1      | AmusAnon the Minotaur Fighter began the quest for the Orb.
     0 | D:1      | Reached XP level 1. HP: 19/19 MP: 0/0
   492 | D:1      | Reached XP level 2. HP: 27/27 MP: 1/1
   883 | D:2      | Reached XP level 3. HP: 28/33 MP: 2/2
   892 | D:2      | Noticed Robin
   911 | D:2      | Killed Robin
   920 | D:2      | Reached XP level 4. HP: 19/41 MP: 3/3
  1189 | D:2      | Found a faded altar to an unknown god.
  1195 | D:2      | Became a worshipper of Sif Muna the Loreminder
  1195 | D:2      | Reached * piety under Sif Muna
  1332 | D:2      | Reached skill level 1 in Dodging
  2029 | D:3      | Found a shadowy altar of Dithmenos.
  2199 | D:3      | Reached XP level 5. HP: 47/47 MP: 4/4
  2371 | D:3      | Noticed Ijyb
  2384 | D:3      | Killed Ijyb
  2554 | D:4      | Found a bloodstained altar of Trog.
  2626 | D:4      | Noticed an ogre
  2638 | D:4      | Killed an ogre
  2638 | D:4      | Reached skill level 5 in Fighting
  2638 | D:4      | Reached skill level 5 in Shields
  2638 | D:4      | Reached XP level 6. HP: 23/56 MP: 5/5
  2931 | D:4      | Reached skill level 5 in Armour
  3370 | D:4      | Reached XP level 7. HP: 60/61 MP: 6/6
  3591 | D:4      | Reached skill level 5 in Axes
  3597 | D:4      | Noticed Eustachio
  3621 | D:4      | Killed Eustachio
  4008 | D:5      | Entered Level 5 of the Dungeon
  4030 | D:5      | Learned a level 2 spell: Sticks to Snakes
  4069 | D:5      | Found a shimmering altar of Xom.
  4072 | D:5      | Found a shimmering altar of Xom.
  4075 | D:5      | Found a shimmering altar of Xom.
  4075 | D:5      | Found a shimmering altar of Xom.
  4314 | D:5      | Reached XP level 8. HP: 24/70 MP: 7/7
  4943 | D:6      | Found a burning altar of Makhleb.
  4956 | D:6      | Fell from the grace of Sif Muna
  4956 | D:6      | Became a worshipper of Makhleb the Destroyer
  5040 | D:6      | Noticed oshikia's ghost (novice DsGl)
  5062 | D:6      | Killed oshikia's ghost
  5062 | D:6      | Reached skill level 5 in Dodging
  5062 | D:6      | Reached XP level 9. HP: 47/78 MP: 8/8
  5410 | D:6      | Reached * piety under Makhleb
  5443 | D:6      | Got an encrusted dagger
  5765 | D:7      | Found an ancient bone altar of Kikubaaqudgha.
  5965 | D:7      | Noticed Pikel
  5970 | D:7      | Killed Pikel
  6254 | D:7      | Found a staircase to the Ecumenical Temple.
  6570 | D:8      | Reached ** piety under Makhleb
  6570 | D:8      | Reached XP level 10. HP: 88/88 MP: 9/9
  6574 | D:8      | Found a deep blue altar of Sif Muna.
  6850 | D:8      | Found a staircase to the Lair.
  6879 | D:8      | Noticed Erica
  6906 | D:8      | HP: 3/88 [something (2)]
  6908 | D:8      | Killed Erica
  7148 | Lair:1   | Entered Level 1 of the Lair of Beasts
  7148 | Lair:1   | Noticed a spiny frog
  7155 | Lair:1   | Killed a spiny frog
  7155 | Lair:1   | Reached skill level 1 in Stealth
  7155 | Lair:1   | Reached skill level 1 in Evocations
  7473 | Lair:1   | Reached skill level 10 in Axes
  7476 | Lair:1   | Reached skill level 10 in Shields
  7742 | Lair:1   | Noticed Urug
  7771 | Lair:1   | Killed Urug
  7771 | Lair:1   | Reached *** piety under Makhleb
  7771 | Lair:1   | Reached XP level 11. HP: 32/95 MP: 10/10
  8144 | Lair:1   | Noticed a six-headed hydra
  8712 | Lair:2   | Lost intelligence.
  8880 | Lair:2   | Reached **** piety under Makhleb
  9042 | Lair:2   | Gained mutation: You are clumsy. (Dex -2) [potion of mutation]
  9042 | Lair:2   | Gained mutation: You have a pair of large horns on your head. [potion of mutation]
  9042 | Lair:2   | Gained mutation: You are somewhat resistant to further mutation. [potion of mutation]
  9256 | Lair:2   | Noticed a six-headed hydra
  9263 | Lair:2   | Mangled by a nine-headed hydra

Skill      XL: |  1  2  3  4  5  6  7  8  9 10 11 |
---------------+----------------------------------+-----
Fighting       | 4 5 6 7 8 9 |  9.3
Armour         | 4 5 7 8 9 |  9.8
Shields        | 4 5 6 7 8 10 | 10.7
Dodging        | 1 2 4 5 6 7 8 |  8.3
Axes           | 3 4 5 7 9 10 | 10.8
Stealth        | 1 |  1.8
Evocations     | 1 |  1.2
Spellcasting   | |  0.1
Transmutations | |  0.1

Action                   |  1- 3 |  4- 6 |  7- 9 | 10-12 || total
-------------------------+-------+-------+-------+-------++-------
Melee: War axe           |    50 |   188 |   264 |   232 ||   734
       Headbutt          |     8 |    23 |    60 |    53 ||   144
Evoke: Wand              |       |     2 |     3 |     2 ||     7
  Use: Scroll            |     4 |     7 |     1 |     4 ||    16
       Potion            |     3 |     4 |       |    13 ||    20
 Stab: Invisible         |       |       |       |     2 ||     2
  Eat: Meat ration       |       |     1 |     1 |     1 ||     3
       Fruit             |       |     1 |     1 |     7 ||     9
       Bread ration      |       |     1 |     1 |     2 ||     4
       Beef jerky        |       |     1 |       |       ||     1
       Pizza             |       |       |     1 |       ||     1
       Chunk             |       |       |     1 |       ||     1
Armor: Scale mail        |    19 |    79 |    54 |    42 ||   194
Dodge: Dodged            |    21 |    77 |   123 |   120 ||   341
Block: Shield            |    37 |   131 |   146 |   145 ||   459
